 Dungeon Crawl Stone Soup version 0.17-a0-777-g32247ce (webtiles) character file.

2060 stringdemon the Basher (level 9, -18/76 HPs)
             Began as a Troll Warper on Apr 26, 2015.
             Demolished by a two-headed ogre
             ... wielding a +0 giant spiked club
              (28 damage)
             ... on level 8 of the Dungeon.
             The game lasted 00:29:26 (6299 turns).

stringdemon the Basher (Troll Warper)               Turns: 6299, Time: 00:29:26

Health: -18/76     AC: 10    Str: 22    XL:     9   Next: 5%
Magic:  3/9        EV: 10    Int: 11    God:
Gold:   340        SH:  0    Dex:  9    Spells: 2 memorised, 7 levels left

rFire  . . .     SeeInvis .     v - +2 flail (protect)
rCold  . . .     Clarity  .     b - +0 robe
rNeg   + . .     SustAb   .     (no shield)
rPois  .         Gourm    +     (helmet restricted)
rElec  .         Spirit   .     (no cloak)
rCorr  .         Warding  .     (gloves unavailable)
rMut   .         Stasis   .     (boots unavailable)
MR     .....                    g - amulet of rage
Stlth  +.........               (no ring)
                                B - ring of positive energy

@: very slightly contaminated, not resistant to hostile enchantments, very
unstealthy
A: unfitting armour, claws 3, fast metabolism 3, gourmand, regeneration 2,
shaggy fur 1, tough skin 2
a: Evoke Berserk Rage


You were on level 8 of the Dungeon.
You were very full.

You visited 3 branches of the dungeon, and saw 10 of its levels.
You also visited: Sewer.

You collected 340 gold pieces.

Inventory:

Hand weapons
 v - a +2 flail of protection (weapon)
Armour
 b - a +0 robe (worn)
Jewellery
 g - an amulet of rage (around neck)
 B - a ring of positive energy (left claw)
 H - an uncursed ring of flight {unknown}
Magical devices
 p - a wand of enslavement (12)
 t - a wand of digging (5)
 F - a wand of frost (34)
 J - a wand of enslavement (13)
Scrolls
 a - 2 scrolls of fog {unknown}
 d - 2 scrolls of blinking
 e - a scroll of brand weapon {unknown}
 h - 4 scrolls of teleportation
 j - a scroll of fear {unknown}
 k - 8 scrolls of remove curse
 y - a scroll of magic mapping {unknown}
 A - a scroll of immolation {unknown}
 C - a scroll of enchant armour {unknown}
 E - 2 scrolls of enchant weapon {unknown}
 I - a scroll of recharging {unknown}
Potions
 l - 2 potions of heal wounds
 n - 7 potions of curing
 q - 2 potions of brilliance
 s - 2 potions of flight
 u - a potion of agility
 x - 2 potions of ambrosia
 z - 2 potions of restore abilities
Books
 c - a book of Spatial Translocations

   Spells                             Type                      Level
   a - Apportation                    Translocation                1
   b - Blink                          Translocation                2
   c - Shroud of Golubria             Charms/Translocation         2
   d - Portal Projectile              Translocation                3
   e - Teleport Other                 Translocation                3
   f - Passage of Golubria            Translocation                4
Comestibles
 f - 10 bread rations
 i - a beef jerky
 m - 4 meat rations
 o - 2 fruits
 r - 3 slices of pizza
 w - a chunk of flesh


   Skills:
 - Level 1.5 Fighting
 + Level 10.8 Maces & Flails
 - Level 0.8 Throwing
 - Level 1.9 Dodging
 - Level 0.8 Stealth
 - Level 1.2 Spellcasting
 - Level 2.1 Translocations


You had 7 spell levels left.
You knew the following spells:

 Your Spells              Type           Power        Failure   Level  Hunger
a - Apportation           Tloc           #.........   14%         1    ##.....
b - Blink                 Tloc           N/A          21%         2    ###....


Dungeon Overview and Level Annotations

Branches:
Dungeon (8/15)             Temple (1/1) D:4            Lair (1/8) D:8

Altars:
Ashenzari
Cheibriados
Dithmenos
Elyvilon
Fedhas
Gozag
Makhleb
Nemelex Xobeh
Okawaru
Qazlal
Ru
Xom
Yredelemnul
Zin
The Shining One
Lugonu

Shops:
D:4 [

Annotations:
D:2 Sigmund
D:6 gressup's ghost, experienced DrFE
D:7 jejorda2's ghost, experienced HOMo


Innate Abilities, Weirdness & Mutations

You are too large for most types of armour.
You have claws for hands.
Your metabolism is lightning-fast.
You like to eat raw meat.
You heal very quickly.
You are covered in fur (AC +1).
You have very tough skin (AC +2).


Message History

The world appears momentarily distorted!
The spiny frog stings you!
* * * LOW HITPOINT WARNING * * *
Casting: Blink
Confirm with . or Enter, or press ? or * to list all spells.
You blink.
Found a falchion.
You see here a disc of storms.
There is a staircase back to the Dungeon, spattered with blood here.
You see here a sheep skeleton.
You climb upwards.
Welcome back to the Dungeon!
The two-headed ogre hits you with a giant spiked club!
* * * LOW HITPOINT WARNING * * *
The two-headed ogre completely misses you.
There is a staircase to the Lair, spattered with blood here.
Casting: Blink
Confirm with . or Enter, or press ? or * to list all spells.
You miscast Blink.
You feel a wrenching sensation.
The two-headed ogre hits you with a giant spiked club!!
You die...

.. ####+##
######.#
.......#
#......#
........+
+.....
.......# #...#
.......###...#
#.....O@.#
+........+
##+#........#
#....###.....#
+....+ +.....+
##+#....#
#...>.#
#....#'##
#...###
#....'. #...#
#....#+##
+...#


You could see a two-headed ogre.

Vanquished Creatures
  A deep elf mage (D:6)
  The ghost of Meycko the Sneak, an average VSAs (Sewer)
  Duvessa (D:7)
  5 ogres
  A phantom (D:4)
  A sky beast (D:7)
  A centaur (D:5)
  3 big kobolds (Sewer)
  Dowan (D:7)
  5 orc priests
  2 orc wizards
  A giant frog skeleton (D:5)
  Ijyb (D:2)
  An iguana (D:4)
  A jelly (D:5)
  2 worker ants
  7 sheep (Lair:1)
  3 gnolls (D:3)
  5 adders
  2 oozes
  2 worms (D:2)
  5 giant geckos
  13 orcs
  4 ball pythons
  11 bats
  12 hobgoblins
  7 jackals
  4 quokkas
  7 giant cockroaches
  4 giant newts
  7 goblins
  2 jackal skeletons
  25 kobolds
  20 rats
  A fungus (Sewer)
169 creatures vanquished.

Vanquished Creatures (others)
  A hobgoblin (D:7)
1 creature vanquished.

Grand Total: 170 creatures vanquished

Notes
Turn   | Place    | Note
--------------------------------------------------------------
     0 | D:1      | stringdemon, the Troll Warper, began the quest for the Orb.
     0 | D:1      | Reached XP level 1. HP: 19/19 MP: 1/1
   153 | D:1      | Reached XP level 2. HP: 18/27 MP: 2/2
   655 | D:1      | Reached skill level 3 in Maces & Flails
   716 | D:2      | Found a stormy altar of Qazlal.
   787 | D:2      | Reached XP level 3. HP: 15/33 MP: 3/3
   791 | D:2      | Learned a level 2 spell: Blink
   848 | D:2      | Noticed Ijyb
   872 | D:2      | Killed Ijyb
   903 | D:2      | Found a shattered altar of Ashenzari.
   919 | D:2      | Noticed Sigmund
   965 | D:2      | Found a shadowy altar of Dithmenos.
  1218 | D:2      | Reached XP level 4. HP: 29/41 MP: 4/4
  1813 | D:3      | Found a glowing drain.
  1818 | D:3      | Reached skill level 4 in Maces & Flails
  1836 | Sewer    | Entered a sewer
  1855 | Sewer    | Noticed a big kobold
  1869 | Sewer    | Killed a big kobold
  1869 | Sewer    | Reached XP level 5. HP: 43/48 MP: 5/5
  1917 | Sewer    | Noticed Meycko's ghost (average VSAs)
  1929 | Sewer    | Killed Meycko's ghost
  1929 | Sewer    | Reached skill level 5 in Maces & Flails
  1929 | Sewer    | Reached XP level 6. HP: 33/55 MP: 6/6
  1989 | Sewer    | Noticed a big kobold
  1989 | Sewer    | Noticed a big kobold
  2018 | Sewer    | Killed a big kobold
  2027 | Sewer    | Killed a big kobold
  2027 | Sewer    | Reached skill level 6 in Maces & Flails
  2347 | D:3      | Found a glowing silver altar of Zin.
  2863 | D:3      | Reached XP level 7. HP: 39/62 MP: 7/7
  2874 | D:3      | Reached skill level 7 in Maces & Flails
  3198 | D:4      | Found a shimmering altar of Xom.
  3295 | D:4      | Found Xeen's Armour Emporium.
  3398 | D:4      | Found a staircase to the Ecumenical Temple.
  3411 | Temple   | Entered the Ecumenical Temple
  3711 | D:4      | Reached skill level 8 in Maces & Flails
  3924 | D:5      | Entered Level 5 of the Dungeon
  3961 | D:5      | Found a sparkling altar of Nemelex Xobeh.
  4010 | D:5      | Reached XP level 8. HP: 70/70 MP: 8/8
  4350 | D:5      | Reached skill level 9 in Maces & Flails
  4501 | D:5      | Found a white marble altar of Elyvilon.
  4809 | D:6      | Noticed gressup's ghost (experienced DrFE)
  5143 | D:7      | Noticed jejorda2's ghost (experienced HOMo)
  5313 | D:7      | Noticed Duvessa
  5314 | D:7      | Noticed Dowan
  5327 | D:7      | Killed Duvessa
  5327 | D:7      | Reached skill level 10 in Maces & Flails
  5335 | D:7      | Killed Dowan
  5508 | D:7      | Found an iron altar of Okawaru.
  6033 | D:8      | Noticed a two-headed ogre
  6095 | D:8      | Found a staircase to the Lair.
  6104 | Lair:1   | Entered Level 1 of the Lair of Beasts
  6119 | Lair:1   | Reached XP level 9. HP: 57/76 MP: 9/9
  6264 | Lair:1   | Noticed a komodo dragon
  6266 | Lair:1   | Noticed a spiny frog
  6299 | D:8      | Demolished by a two-headed ogre

Action                   |  1- 3 |  4- 6 |  7- 9 || total
-------------------------+-------+-------+-------++-------
Melee: Mace              |   140 |   230 |    19 ||   389
       Flail             |       |       |   325 ||   325
 Cast: Blink             |       |     7 |     7 ||    14
  Use: Potion            |       |     7 |     5 ||    12
       Scroll            |       |     6 |     2 ||     8
 Stab: Sleeping          |       |       |     1 ||     1
  Eat: Chunk             |    16 |    17 |    33 ||    66
